 Dungeon Crawl Stone Soup version 0.31-a0-1-g4198be8af4 (webtiles) character file.

Game seed: 10517868903906191555

591 Atelerd the Magician (level 7, -4/41 HPs)
             Began as an Octopode Earth Elementalist on May 1, 2023.
             Slain by an ogre
             ... wielding a +0 giant spiked club
              (17 damage)
             ... on level 5 of the Dungeon.
             The game lasted 00:04:25 (3996 turns).

Atelerd the Magician (Octopode Earth Elementalist)  Turns: 3996, Time: 00:04:26

Health: -4/41      AC:  1    Str:  7    XL:     7   Next: 39%
Magic:  3/15       EV: 13    Int: 19    God:
Gold:   130        SH:  0    Dex: 19    Spells: 11/16 levels left

rFire   . . .        b - +0 dagger
rCold   . . .        (no shield)
rNeg    . . .        (helmet restricted)
rPois   .            (no amulet)
rElec   .            k - ring of wizardry
rCorr   .            o - +6 ring of dexterity
SInv    +            i - ring of see invisible
Will    .....        (no ring)
Stlth   +++          (no ring)
HPRegen 0.26/turn    (no ring)
MPRegen 0.14/turn    (no ring)
                     (no ring)

%: wizardry (x1)
@: no status effects
A: almost no armour, amphibious, 8 rings, camouflage 1, gelatinous body 1,
(nimble swimmer 1), tentacles
a: no special abilities


You were on level 5 of the Dungeon.
You visited 1 branch of the dungeon, and saw 5 of its levels.

You collected 130 gold pieces.

Inventory:

Hand Weapons
 b - a +0 dagger (weapon)
Missiles
 n - a throwing net
Jewellery
 i - a ring of see invisible (on tentacle)
 k - a ring of wizardry (left tentacle)
 o - a +6 ring of dexterity (right tentacle)
Wands
 j - a wand of charming (12)
 w - a wand of flame (7)
Scrolls
 d - a scroll of enchant weapon {unknown}
 e - 3 scrolls of identify
 f - 3 scrolls of fear
 g - a scroll of teleportation
 l - a scroll of butterflies {unknown}
 m - a scroll of silence {unknown}
 q - a scroll of poison {unknown}
 t - a scroll of immolation {unknown}
 u - 3 scrolls of torment {unknown}
Potions
 a - a potion of magic
 c - 3 potions of mutation {unknown}
 h - 2 potions of might
 p - a potion of attraction {unknown}
 r - a potion of invisibility {unknown}
 s - 2 potions of flight {unknown}
 v - a potion of brilliance {unknown}


   Skills:
 - Level 1.4 Short Blades
 - Level 2.0 Dodging
 - Level 2.6 Stealth
 + Level 5.4 Spellcasting
 - Level 3.0 Transmutations
 - Level 5.0 Earth Magic


You had 11 spell levels left.
You knew the following spells:

 Your Spells              Type           Power      Damage    Failure   Level
a - Sandblast             Erth           48%        2d12      1%          1
p - Petrify               Tmut/Erth      20%        N/A       9%          4

Your spell library contained the following spells:

 Spells                   Type           Power      Damage    Failure   Level
 Passwall                 Tmut/Erth      16%        N/A       1%          2
 Magic Dart               Conj           20%        1d4       4%          1
 Stone Arrow              Conj/Erth      28%        3d8       5%          3
 Searing Ray              Conj           10%        2d4       8%          2
 Vhi's Electric Charge    Tloc/Air       10%        N/A       14%         3
 Fulminant Prism          Conj/Hex       2%         3d5       41%         4
 Arcjolt                  Conj/Air       2%         1d12      75%         5
 Statue Form              Tmut/Erth      13%        N/A       77%         6
 Iron Shot                Conj/Erth      7%         9d2       92%         6
 Infestation              Necr           2%         N/A       100%        8
 Maxwell's Capacitive Co  Air            2%         ∞         100%        8


Dungeon Overview and Level Annotations

Branches:
Dungeon (5/15)
 Temple: D:4-7

Altars:
Dithmenos
Elyvilon
Wu Jian

Annotations:
D:4 justviktor's ghost, amateur MiFi


Innate Abilities, Weirdness & Mutations

You cannot wear most types of armour.
You are amphibious.
You can wear up to eight rings at the same time.
Your skin changes colour to match your surroundings (Stealth+).
Your rubbery body absorbs attacks. (AC +1, EV +1)
((You are camouflaged when in or above water. (Stealth+)))
You have tentacles for arms and can constrict up to eight enemies at once.


Message History

j - a wand of charming (12)
Found a leather armour.
You see here a +0 leather armour.
An ogre comes into view. It is wielding a +0 giant spiked club.
An ogre is nearby!
An ogre is nearby!
An ogre is nearby!
An ogre is nearby!
An ogre is nearby!
A sleepcap comes into view.
The ogre shouts!
Casting: Sandblast (safe; 1% risk of failure)
Confirm with . or Enter, or press ? or * to list all spells.
The spell is quite dangerous to miscast (9% risk of failure)!
Continue anyway?
Aiming: Petrify (quite dangerous; 9% risk of failure)
Press: ? - help, Shift-Dir - straight line, f - ogre
Aim: an ogre, wielding a +0 giant spiked club (chance to affect: 52%)
The ogre resists with significant effort.
An ice beast comes into view.
The ogre hits you with a +0 giant spiked club!!
Ouch! That really hurt!
* * * LOW HITPOINT WARNING * * *
Casting: Petrify (quite dangerous; 9% risk of failure)
Confirm with . or Enter, or press ? or * to list all spells.
The spell is quite dangerous to miscast (9% risk of failure)!
Continue anyway?
Aiming: Petrify (quite dangerous; 9% risk of failure)
Press: ? - help, Shift-Dir - straight line, f/p - ogre
Aim: an ogre, wielding a +0 giant spiked club (chance to affect: 52%)
The ogre resists with significant effort.
Unknown command.
Unknown command.
Casting: Petrify (quite dangerous; 9% risk of failure)
Confirm with . or Enter, or press ? or * to list all spells.
The spell is quite dangerous to miscast (9% risk of failure)!
Continue anyway?
Aiming: Petrify (quite dangerous; 9% risk of failure)
Press: ? - help, Shift-Dir - straight line, f/p - ogre
Aim: an ogre, wielding a +0 giant spiked club (chance to affect: 52%)
The ogre resists with significant effort.
The ogre hits you with a +0 giant spiked club!
You die...

..... ........
.....##...Y..
............
≈≈≈f.......
#§≈...... #§.....##
#≈..$O#.##+#
#§...@.###.#
#≈......##.#
#≈§......##.######
§≈≈.......#........
...............#
.....##........#
.....#..####.#.#
.......#####.#.#
#..............#


You could see an ice beast, an ogre and a sleepcap.

Vanquished Creatures
  Menkaure (D:4)
  An ogre (D:4)
  A bullfrog (D:4)
  A sleepcap (D:4)
  Natasha (thrice) (D:2)
  An orc wizard (D:4)
  6 gnolls (D:3)
  5 adders
  An ufetubus (D:4)
  A worm (D:4)
  14 orcs
  2 bats
  3 endoplasms
  4 giant cockroaches
  5 goblins
  6 hobgoblins
  2 jackals (D:2)
  3 quokkas (D:1)
  6 ball pythons
  2 frilled lizards (D:2)
  6 kobolds
  7 rats
81 creatures vanquished.

Notes
Turn   | Place    | Note
-------+----------+-------------------------------------------
     0 | D:1      | Atelerd the Octopode Earth Elementalist began the quest for
                  | the Orb.
     0 | D:1      | Reached XP level 1. HP: 11/11 MP: 3/3
   468 | D:1      | Reached XP level 2. HP: 17/17 MP: 0/5
  1189 | D:2      | Noticed Natasha
  1191 | D:2      | Killed Natasha
  1192 | D:2      | Reached XP level 3. HP: 21/21 MP: 7/7
  1204 | D:2      | Noticed Natasha
  1207 | D:2      | Killed Natasha
  1208 | D:2      | Reached XP level 4. HP: 19/27 MP: 6/8
  1395 | D:2      | Reached skill level 1 in Short Blades
  1446 | D:2      | Noticed Natasha
  1463 | D:2      | Killed Natasha
  1529 | D:2      | Reached XP level 5. HP: 27/31 MP: 9/9
  1607 | D:2      | Got Qoiwnaga's Commentary on Skeletons and Quicksand
  1748 | D:2      | Identified the +3 leather armour "Huabukap" {Str+2 Dex+3}
  1765 | D:2      | Learned a level 4 spell: Petrify
  2188 | D:3      | Reached skill level 5 in Earth Magic
  2696 | D:4      | Reached XP level 6. HP: 27/36 MP: 5/11
  2744 | D:4      | Found a white marble altar of Elyvilon.
  2793 | D:4      | Found a shadowy altar of Dithmenos.
  3218 | D:4      | Reached XP level 7. HP: 34/41 MP: 9/13
  3312 | D:4      | Found an ornate altar of the Wu Jian Council.
  3403 | D:4      | Found a runed translucent door.
  3423 | D:4      | Noticed justviktor's ghost (amateur MiFi)
  3503 | D:4      | Noticed Menkaure
  3649 | D:4      | Killed Menkaure
  3650 | D:4      | Reached skill level 5 in Spellcasting
  3906 | D:5      | Entered Level 5 of the Dungeon
  3996 | D:5      | Slain by an ogre

Illustrated notes

Levels and vault maps discovered:
D:1:      dpeg_cavernosity, layout_basic
D:2:      layout_basic, uniq_natasha
D:3:      layout_loops_ring, hex_medium
D:4:      layout_gridville, mainiacjoe_overflow_cross_hatched,
          nicolae_wu_jian_immortal_techniques, mainiacjoe_overflow_brackets,
          ebering_ghost_sewer_d, uniq_menkaure
D:5:      layout_loops_corners, zin_statuary, kennysheep_decorative_pillar,
          amcnicky_mini_pool_small

Skill      XL: |  1  2  3  4  5  6  7 |
---------------+----------------------+-----
Earth Magic    | 4 5 |  5.0
Short Blades   | 1 |  1.4
Spellcasting   | 3 4 5 |  5.4
Transmutations | 2 3 |  3.0
Dodging        | |  2.0
Stealth        | |  2.6

Action                     |  1- 3 |  4- 6 |  7- 9 || total
---------------------------+-------+-------+-------++-------
  Melee: Unarmed           |     2 |       |       ||     2
         Dagger            |    11 |    27 |     3 ||    41
         Tentacles         |     3 |     6 |     1 ||    10
         Constrict         |     3 |     8 |     1 ||    12
         Punch             |     1 |       |       ||     1
   Cast: Sandblast         |    20 |    72 |    16 ||   108
         Petrify           |       |     1 |     6 ||     7
    Use: Potion            |       |     2 |     1 ||     3
         Scroll            |       |       |     2 ||     2
   Stab: Sleeping          |     1 |     4 |       ||     5
         Distracted        |     1 |       |       ||     1
         Petrified         |       |       |     3 ||     3
 Armour: Skin              |     4 |     1 |       ||     5
  Dodge: Dodged            |     6 |    39 |     5 ||    50

Table legend: (Time is in decaauts)
 A = Elapsed time spent in this place.
 B = Non-inter-level travel time spent in this place.
 C = Inter-level travel time spent in this place.
 D = Time resting spent in this place.
 E = Time spent auto-exploring this place.
 F = Levels seen in this place.
 G = Mean time per level.
                   A        B        C        D        E       F      G
               +--------+--------+--------+--------+--------+-----+--------+
         Total |   4052 |   3966 |     86 |    119 |   3287 |   5 |  810.4 |
       Dungeon |   4052 |   3966 |     86 |    119 |   3287 |   5 |  810.4 |
               +--------+--------+--------+--------+--------+-----+--------+

Top non-repeatable levels by time:
     D:4: 1259 daAuts
     D:1: 1089 daAuts
     D:3: 898 daAuts
     D:2: 716 daAuts
     D:5: 89 daAuts
